 Dungeon Crawl Stone Soup version 0.19.0-24-gb05acd6 (webtiles) character file.

170 dobroeutro the Conjurer (level 5, -5/38 HPs)
             Began as a Draconian Conjurer on Nov 20, 2016.
             Was an Initiate of Ashenzari.
             Killed from afar by an orc wizard (7 damage)
             ... with a magic dart
             ... on level 3 of the Dungeon.
             The game lasted 00:07:59 (3264 turns).

dobroeutro the Conjurer (Draconian Conjurer)        Turns: 3264, Time: 00:08:00

Health: -5/38      AC:  5    Str: 11    XL:     5   Next: 25%
Magic:  1/9        EV: 12    Int: 16    God:    Ashenzari [......]
Gold:   145        SH:  0    Dex: 11    Spells: 3 memorised, 3 levels left

rFire  . . .     SeeInvis .     p - +0 quarterstaff
rCold  . . .     Gourm    .     (armour unavailable)
rNeg   . . .     Faith    .     (shield currently unavailable)
rPois  .         Spirit   .     (helmet restricted)
rElec  .         Reflect  .     (no cloak)
rCorr  .         Harm     .     (no gloves)
MR     .....                    (no boots)
Stlth  ++........               (no amulet)
                                (no ring)
                                (no ring)

@: flying
A: unfitting armour, cold-blooded, AC +5
a: Curse Item, Renounce Religion


You were on level 3 of the Dungeon.
You worshipped Ashenzari.
Ashenzari was noncommittal.
You were very hungry.

You visited 1 branch of the dungeon, and saw 3 of its levels.

You collected 145 gold pieces.

Inventory:

Hand Weapons
 p - a +0 quarterstaff (weapon)
Wands
 o - a wand of flame (25/48)
Scrolls
 f - 3 scrolls of identify {unknown}
 g - 2 scrolls of teleportation {unknown}
 h - a scroll of immolation {unknown}
 k - a scroll of magic mapping {unknown}
 l - a scroll of blinking {unknown}
 m - a scroll of fear {unknown}
 n - 2 scrolls of enchant weapon {unknown}
 s - a scroll of recharging {unknown}
Potions
 r - a potion of resistance
Books
 a - a book of Conjurations

   Spells                             Type                      Level
   a - Magic Dart                     Conjuration                  1
   b - Searing Ray                    Conjuration                  2
   c - Dazzling Spray                 Conjuration/Hexes            3
   d - Fulminant Prism                Conjuration/Hexes            4
   e - Iskenderun's Mystic Blast      Conjuration                  4
   f - Iskenderun's Battlesphere      Conjuration/Charms           5
 e - a book of Maledictions

   Spells                             Type                      Level
   a - Corona                         Hexes                        1
   b - Ensorcelled Hibernation        Hexes/Ice                    2
   c - Confuse                        Hexes                        3
   d - Tukima's Dance                 Hexes                        3
   e - Dazzling Spray                 Conjuration/Hexes            3
Comestibles
 b - 2 bread rations
 i - 2 meat rations
 j - 9 fruits


   Skills:
 - Level 1.7 Dodging
 - Level 1.7 Stealth
 + Level 2.7 Spellcasting
 + Level 6.1 Conjurations
 + Level 0.6 Hexes


You had 3 spell levels left.
You knew the following spells:

 Your Spells              Type           Power        Failure   Level  Hunger
a - Magic Dart            Conj           ###.         1%          1    #......
b - Searing Ray           Conj           ###...       2%          2    ##.....
c - Dazzling Spray        Conj/Hex       ##....       14%         3    ###....


Dungeon Overview and Level Annotations

Branches:
Dungeon (3/15)

Altars:
Ashenzari


Innate Abilities, Weirdness & Mutations

Your plain brown scales are hard. (AC +5)
You cannot fit into any form of body armour.
You are cold-blooded and may be slowed by cold attacks.


Message History

Confirm with . or Enter, or press ? or * to list all spells.
You don't have enough magic to cast that spell.
Unknown command.
It was a potion of resistance.
You feel protected.
The orc wizard hits you but does no damage. x3
It was a potion of cancellation.
Your magical effects are unravelling.
You feel magically purged.
You feel a little less agile now.
Your resistance to elements expires.
The orc wizard hits you but does no damage.
The orc wizard casts a spell at you. The magic dart hits you!
* * * LOW HITPOINT WARNING * * *
It was a potion of flight.
You feel very buoyant.
You fly up into the air.
The orc wizard points at you and mumbles some strange words.
The magic dart hits you!
You die...

#.##.###.#
#.)......#
#.....# #....#
##.### #.# .
#.#### ...
##o##.## ###
.....####@#....##
..+
.....'..o###o...#
###
.....####.#.J..##
# ... ##o##.## ##
. ####)# .# #.#
#######+# #.#
........# #.#
#.#####.# #.#


You could see 2 orc wizards.

Vanquished Creatures
  An orc priest (D:3)
  7 adders
  2 oozes (D:3)
  A worm (D:3)
  4 dart slugs
  5 leopard geckos
  A ball python (D:3)
  6 bats
  3 giant cockroaches (D:1)
  6 goblins
  5 hobgoblins
  A quokka (D:3)
  4 frilled lizards
  5 kobolds
  5 rats
56 creatures vanquished.

Notes
Turn   | Place    | Note
-------+----------+-------------------------------------------
     0 | D:1      | dobroeutro the Draconian Conjurer began the quest for the Orb.
     0 | D:1      | Reached XP level 1. HP: 14/14 MP: 3/3
   416 | D:1      | Reached XP level 2. HP: 20/20 MP: 1/5
   420 | D:1      | Learned a level 2 spell: Searing Ray
   535 | D:1      | Found a shattered altar of Ashenzari.
   542 | D:1      | Became a worshipper of Ashenzari the Shackled
  1149 | D:2      | Reached XP level 3. HP: 13/26 MP: 0/6
  1218 | D:2      | Reached skill level 5 in Conjurations
  1294 | D:2      | Learned a level 3 spell: Dazzling Spray
  1622 | D:2      | Reached XP level 4. HP: 18/33 MP: 4/7
  3227 | D:3      | Reached skill level 6 in Conjurations
  3227 | D:3      | Reached XP level 5. HP: 35/38 MP: 0/9
  3264 | D:3      | Killed from afar by an orc wizard

Skill      XL: |  1  2  3  4 |
---------------+-------------+-----
Conjurations   | 5 6 |  6.1
Dodging        | |  1.7
Stealth        | |  1.7
Spellcasting   | |  2.7
Hexes          | |  0.6

Action                   |  1- 3 |  4- 6 || total
-------------------------+-------+-------++-------
Melee: Dagger            |    78 |       ||    78
       Unarmed           |     5 |       ||     5
       Tailslap          |     8 |     9 ||    17
       Quarterstaff      |    22 |    90 ||   112
 Cast: Magic Dart        |    15 |     1 ||    16
       Searing Ray       |     7 |    16 ||    23
       Dazzling Spray    |     4 |     2 ||     6
  Use: Potion            |       |    10 ||    10
 Stab: Sleeping          |     3 |     1 ||     4
       Invisible         |     1 |       ||     1
  Eat: Chunk             |     3 |     6 ||     9
Armor: Skin              |    37 |    48 ||    85
Dodge: Dodged            |    79 |    89 ||   168
